 Dungeon Crawl Stone Soup version 0.32-a0-411-g744942f433 (webtiles) character file.

Game seed: 17905032772264116857

119 lunkers the Shooter (level 5, -2/37 HPs)
             Began as a Coglin Hexslinger on Feb 21, 2024.
             Killed by nerve-wracking pain
             ... invoked by an orc priest
              (11 damage)
             ... on level 3 of the Dungeon.
             The game lasted 00:02:00 (2103 turns).

lunkers the Shooter (Coglin Hexslinger)             Turns: 2103, Time: 00:02:01

Health: -2/37      AC:  2    Str: 11    XL:     5   Next: 3%
Magic:  2/6        EV: 11    Int: 12    God:
Gold:   113        SH:  4    Dex: 16    Spells: 4/6 levels left

rFire   . . .        a - +1 sling {Jin}
rCold   . . .        i - +0 buckler
rNeg    . . .        c - +0 robe
rPois   .            (no helmet)
rElec   .            (no cloak)
rCorr   .            (no gloves)
SInv    .            (no boots)
Will    .....        (no amulet)
Stlth   +            (no ring)
HPRegen 0.26/turn    (no ring)
MPRegen 0.10/turn

%: no passive effects
@: weak-willed, revved
A: off-hand wielding, slow wielding, warmup strikes, legs shutdown
a: Convert to Beogh


You were on level 3 of the Dungeon.
You visited 1 branch of the dungeon, and saw 3 of its levels.

You collected 113 gold pieces.

Inventory:

Hand Weapons
 a - a +1 sling (weapon) {Jin}
Armour
 c - a +0 robe (worn)
 i - a +0 buckler (worn)
Scrolls
 b - a scroll of poison
 d - 2 scrolls of noise {unknown}
 e - 3 scrolls of identify {unknown}
 f - 2 scrolls of teleportation {unknown}
 h - a scroll of acquirement {unknown}
 m - a scroll of blinking {unknown}
Potions
 g - a potion of attraction {unknown}
 j - 2 potions of mutation {unknown}
 k - a potion of curing {unknown}
 l - a potion of magic {unknown}


   Skills:
 - Level 1.0 Fighting
 + Level 4.5 Ranged Weapons
 - Level 1.7 Dodging
 - Level 1.0 Spellcasting
 - Level 2.6 Hexes
 - Level 0.8 Fire Magic


You had 4 spell levels left.
You knew the following spells:

 Your Spells              Type           Power      Damage    Failure   Level
p - Jinxbite              Hex            14%        N/A       22%         2

Your spell library contained the following spells:

 Spells                   Type           Power      Damage    Failure   Level
 Sigil of Binding         Hex            7%         N/A       41%         3
 Inner Flame              Hex/Fire       4%         N/A       54%         3
 Cause Fear               Hex            3%         N/A       82%         4
 Dimensional Bullseye     Hex/Tloc       1%         N/A       94%         4


Dungeon Overview and Level Annotations

Branches:
Dungeon (3/15)

Altars:

Shops:
D:1 [


Innate Abilities, Weirdness & Mutations

You can wield a second weapon in your off-hand.
It takes a long time for you to wield or remove held weapons.
Your first few attacks do less damage.
Attacking and casting redirects power from your legs.


Message History

The orc priest is severely wounded.
The orc priest shouts, "Beogh offers mercy even to people such as you.
Join us and be reborn!"
The orc priest threatens, "Beogh's wrath is as vast as their mercy.
Make your choice!" The orc priest completely misses you.
The orc priest barely misses you.
Unknown command.
Unknown command.
Fire: a) +1 sling {Jin}
Press: ? - help, Q - select action, (/) - cycle Shift-Dir - straight line, f/p - orc priest
Aim: an orc priest, wielding a +0 hand axe and wearing a +0 chain mail (severely wounded, chance to call a sprite on attack: 40%, 68% to hit)
You shoot a sling bullet.
The sling bullet hits the orc priest but does no damage.
The orc priest shouts, "The Pantheon deserves no one's loyalty.
Let us show you the true path!"
The orc priest is severely wounded.
A giggling sprite leaps out and makes the orc priest trip over its own feet.
The orc priest is almost dead.
The orc priest looks braver for a moment.
Unknown command.
Unknown command.
Fire: a) +1 sling {Jin}
Press: ? - help, Q - select action, (/) - cycle Shift-Dir - straight line, f/p - orc priest
Aim: an orc priest, wielding a +0 hand axe and wearing a +0 chain mail (almost dead, heavily drained, chance to call a sprite on attack: 52%, 68% to hit)
You shoot a sling bullet.
The sling bullet hits the orc priest but does no damage.
The orc priest is almost dead.
The orc priest shouts, "The Pantheon deserves no one's loyalty.
Let us show you the true path!"
The orc priest invokes the aid of Beogh against you.
Pain shoots through your body!
* * * LOW HITPOINT WARNING * * *
Fire: a) +1 sling {Jin}
Press: ? - help, Q - select action, (/) - cycle Shift-Dir - straight line, f/p - orc priest
Aim: an orc priest, wielding a +0 hand axe and wearing a +0 chain mail (almost dead, heavily drained, chance to call a sprite on attack: 52%, 68% to hit)
You shoot a sling bullet.
The sling bullet hits the orc priest but does no damage.
The orc priest is almost dead.
A giggling sprite leaps out and insults the orc priest's ancestors.
The orc priest is almost dead.
The jinxing sprites lose interest in you.
The orc priest calls down the wrath of Beogh upon you.
Pain shoots through your body!
You die...

......#
#.##..#
......#
#....##
......#
####.######
#######
#.##...#####
#.##........
#..†..######
####..#
#.######...###
#...@o.......+
########...###
#...# #...#
##..So...o.
#.........
##########


You could see an orc priest (very drained).

Vanquished Creatures
  A gnoll (D:1)
  An adder (D:2)
  4 dart slugs
  3 orcs
  7 ball pythons
  5 endoplasms
  2 giant cockroaches
  A goblin (D:1)
  7 hobgoblins
  2 jackals (D:1)
  5 kobolds
  2 quokkas (D:1)
  4 bats
  2 frilled lizards
  3 rats
49 creatures vanquished.

Notes
Turn   | Place    | Note
-------+----------+-------------------------------------------
     0 | D:1      | lunkers the Coglin Hexslinger began the quest for the Orb.
     0 | D:1      | Reached XP level 1. HP: 15/15 MP: 2/2
    13 | D:1      | Reached skill level 2 in Ranged Weapons
    42 | D:1      | Reached XP level 2. HP: 21/21 MP: 3/3
    49 | D:1      | Found Dewelo's Antique Armour Emporium.
    53 | D:1      | Learned a level 2 spell: Jinxbite
   184 | D:1      | Reached skill level 3 in Ranged Weapons
   202 | D:1      | Reached XP level 3. HP: 23/26 MP: 4/4
   642 | D:1      | Reached XP level 4. HP: 32/32 MP: 2/5
  1097 | D:2      | Reached skill level 4 in Ranged Weapons
  1358 | D:2      | Found a faded altar of an unknown god.
  2095 | D:3      | Reached XP level 5. HP: 30/37 MP: 3/6
  2103 | D:3      | Killed from afar by an orc priest

Illustrated notes

Levels and vault maps discovered:
D:1:      lightli_molten_gateway, layout_loops_corners, serial_shops,
          nicolae_shop_hallway_stairs
D:2:      layout_basic, hellmonk_ecumenical_altar_arch_garden,
          chequers_serial_rivers_micro_d
D:3:      layout_basic, lemuel_doored_altar,
          mainiacjoe_overflow_concentric_impassable,
          nicolae_overflow_hidden_temple, minmay_gold_behind_fungi,
          chequers_serial_rivers_marsh, uniq_terence, uniq_ijyb

Skill      XL: |  1  2  3  4 |
---------------+-------------+-----
Ranged Weapons | 2 3 4 |  4.5
Fighting       | |  1.0
Dodging        | |  1.7
Spellcasting   | |  1.0
Hexes          | |  2.6
Fire Magic     | |  0.8

Action                     |  1- 3 |  4- 6 || total
---------------------------+-------+-------++-------
   Fire: Sling             |    88 |    74 ||   162
   Cast: Jinxbite          |     2 |    12 ||    14
 Armour: Robe              |    24 |    17 ||    41
  Dodge: Dodged            |    30 |    17 ||    47
  Block: Buckler           |       |     6 ||     6

Table legend: (Time is in decaauts)
 A = Elapsed time spent in this place.
 B = Non-inter-level travel time spent in this place.
 C = Inter-level travel time spent in this place.
 D = Time resting spent in this place.
 E = Time spent auto-exploring this place.
 F = Levels seen in this place.
 G = Mean time per level.
                   A        B        C        D        E       F      G
               +--------+--------+--------+--------+--------+-----+--------+
         Total |   2144 |   2042 |    102 |     80 |   1655 |   3 |  714.7 |
       Dungeon |   2144 |   2042 |    102 |     80 |   1655 |   3 |  714.7 |
               +--------+--------+--------+--------+--------+-----+--------+

Top non-repeatable levels by time:
     D:1: 1115 daAuts
     D:2: 899 daAuts
     D:3: 129 daAuts
